 Dungeon Crawl Stone Soup version bcrawl-1.39.1 (webtiles) character file.

Game seed: 4239312527393168448

8464163 Artagas the Impaler (level 23, -5/184 HPs)
             Began as a Human Necromancer on July 10, 2023.
             Was a High Priest of Kikubaaqudgha.
             Killed from afar by Xtahua (87 damage)
             ... with a great blast of fire
             ... on level 2 of the Depths on July 15, 2023.
             The game lasted 03:14:38 (48161 turns).

Artagas the Impaler (Human Necromancer)            Turns: 48161, Time: 03:14:38

Health: -5/184     AC: 26    Str: 17    XL:     23   Next: 70%
Magic:  50/52      EV: 17    Int: 31    God:    Kikubaaqudgha [*****.]
Gold:   2245       SH:  0    Dex: 13    Spells: 3/52 levels left

rFire    . . .     GDR:     35% b - +9 glaive (venom)
rCold    + . .     SeeInvis .   (shield currently unavailable)
rNeg     . . .     Gourm    .   P - +7 Kryia's mail coat {PotionHeal*2 rC+ RMsl}
rPois    +         Faith    .   a - +3 hat of Pondering {ponderous, MR+ MP+10 Int+5}
rElec    +         Spirit   .   Q - +0 cloak
rCorr    .         Reflect  .   J - +2 pair of gloves of Pan-Flutes {+Blink rElec rPois Str-3}
MR       ++...                  L - +0 pair of boots
Stlth    +.........             x - amulet of magic regeneration
HPRegen  0.40/turn              N - +6 ring of intelligence
MPRegen  0.81/turn              X - +5 ring of strength

@: studying Maces & Flails, deflect missiles, slow
A: no striking features
}: 2/15 runes: decaying, barnacled
a: Receive Corpses, Torment, Renounce Religion, Evoke Blink


You were on level 2 of the Depths.
You worshipped Kikubaaqudgha.
Kikubaaqudgha was extremely pleased with you.
You were hungry.

You visited 9 branches of the dungeon, and saw 32 of its levels.

You collected 5304 gold pieces.
You spent 3059 gold pieces at shops.

Inventory:

Hand Weapons
 b - a +9 glaive of venom (weapon)
   (You subdued it on level 2 of the Elven Halls)
Missiles
 H - 10 throwing nets {=f}
 Y - 2129 poisoned tomahawks (quivered)
Armour
 a - the +3 hat of Pondering (worn) {ponderous, MR+ MP+10 Int+5}
   (You bought it in a shop on level 2 of the Shoals)

   It affects your intelligence (+5).
   It affects your resistance to hostile enchantments.
   It affects your magic capacity (+10).
 p - the +3 faerie dragon scales {*Slow rCorr Int+3 Stlth+}
   (You took it off the Enchantress on level 2 of the Depths)

   It affects your intelligence (+3).
   It provides partial protection from all sources of acid and corrosion.
   It may slow you when you take damage.
   It makes you more stealthy.
 J - the +2 pair of gloves of Pan-Flutes (worn) {+Blink rElec rPois Str-3}
   (You found it on level 3 of the Shoals)

   It affects your strength (-3).
   It insulates you from electricity.
   It protects you from poison.
   It lets you blink.
 L - a +0 pair of boots (worn)
   (You found it on level 5 of the Dungeon)
 O - a cursed +0 pair of boots
   (You found it on level 1 of the Depths)
 P - the +7 Kryia's mail coat (worn) {PotionHeal*2 rC+ RMsl}
   (You acquired it on level 2 of the Elven Halls)

   It protects you from cold.
   It protects you from missiles.
 Q - a +0 cloak (worn)
   (You found it on level 3 of the Dungeon)
Jewellery
 c - an uncursed ring of protection from cold
   (You found it on level 1 of the Dungeon)
 m - an uncursed ring of protection from magic
   (You found it on level 2 of the Lair of Beasts)
 x - an amulet of magic regeneration (around neck)
   (You found it on level 6 of the Lair of Beasts)
 N - a +6 ring of intelligence (left hand)
   (You found it on level 9 of the Dungeon)
 S - an uncursed ring of flight
   (You found it on level 1 of the Lair of Beasts)
 X - a +5 ring of strength (right hand)
   (You found it on level 11 of the Dungeon)
Wands
 k - a wand of polymorph (18)
   (You took it off a merfolk siren on level 1 of the Shoals)
 l - a wand of iceblast (30)
   (You bought it in a shop on level 8 of the Dungeon)
 r - a wand of clouds (15)
   (You found it on level 1 of the Shoals)
 v - a wand of digging (19)
   (You found it on level 11 of the Dungeon)
 y - a wand of acid (33)
   (You found it on level 5 of the Lair of Beasts)
 B - a wand of scattershot (6)
   (You found it on level 10 of the Dungeon)
 C - a wand of paralysis (44)
   (You bought it in a shop on level 4 of the Dungeon)
Scrolls
 i - 3 scrolls of enchant armour
 j - 11 scrolls of fog
 t - 3 scrolls of teleportation
 u - 3 scrolls of immolation
 A - 6 scrolls of fear
 G - 5 scrolls of revelation
 Z - a scroll of summoning
Potions
 d - 3 potions of might
 f - 9 potions of mutation
 g - 2 potions of invisibility
 h - 2 potions of haste
 n - 4 potions of resistance
 q - 11 potions of curing
 s - 6 potions of agility
 w - 3 potions of heal wounds
 D - 3 potions of lignification
 E - 2 potions of ambrosia
 F - 7 potions of flight
 K - 3 potions of cancellation
 M - 2 potions of brilliance
 T - 2 potions of magic
Miscellaneous
 o - 2 phantom mirrors
 I - 2 boxes of beasts
 R - a sack of spiders
   (You found it on level 2 of the Depths)
 U - a phial of floods
   (You found it on level 1 of the Lair of Beasts)
Comestibles
 e - 24 rations {!d}


   Skills:
 + Level 16.2 Fighting
   Level 6.0 Short Blades
 - Level 18.0 Polearms
 - Level 13.0 Armour
 - Level 15.0 Dodging
 - Level 2.4 Stealth
 - Level 15.0 Spellcasting
 - Level 8.0 Charms
 - Level 17.0 Necromancy
 - Level 7.0 Ice Magic
 - Level 7.0 Air Magic
 - Level 8.0 Earth Magic
 - Level 7.0 Evocations


You had 3 spell levels left.
You knew the following spells:

 Your Spells              Type           Power        Failure   Level  Hunger
a - Borgnjor's Vile Clut  Necr/Erth      #######...   4%          6    ###....
b - Death Channel         Chrm/Necr      #######...   4%          6    ###....
c - Animate Dead          Necr           N/A          1%          4    None
d - Simulacrum            Ice/Necr       #######.     5%          6    ###....
e - Corpse Rot            Necr           N/A          0%          2    None
f - Bolt of Draining      Conj/Necr      ######....   4%          5    None
g - Regeneration          Chrm/Necr      #######...   1%          3    None
h - Necrotize             Necr           ######       0%          1    None
i - Sublimation of Blood  Necr           #######...   0%          2    None
j - Vampiric Draining     Necr           #######...   0%          3    None
k - Dispel Undead         Necr           #######.     1%          5    None
l - Deflect Missiles      Chrm/Air       ######....   32%         6    ###....

Your spell library contained the following spells:

 Spells                   Type           Power        Failure   Level  Hunger
 Flaming Arrows           Chrm/Fire      #####...     1%          2    None
 Shock                    Conj/Air       #####..      1%          2    None
 Blink Other              Tloc           ###...       4%          1    None
 Flame Tongue             Conj/Fire      ###..        4%          1    None
 Magic Dart               Conj           ###.         4%          1    None
 Sting                    Conj/Pois      ###.         4%          1    None
 Mephitic Cloud           Conj/Pois/Air  #####...     5%          3    None
 Blink                    Tloc           N/A          7%          2    None
 Call Imp                 Summ           ###...       7%          2    None
 Searing Ray              Conj           ###.....     7%          2    None
 Conjure Flame            Conj/Fire      ###.....     14%         3    None
 Inner Flame              Hex/Fire       N/A          14%         3    None
 Iskenderun's Mystic Bla  Conj           ###.....     14%         3    None
 Recall                   Summ/Tloc      N/A          14%         3    None
 Spider Form              Tmut/Pois      ###          14%         3    None
 Agony                    Necr           #######.     1%          4    None
 Airstrike                Air            ######....   2%          4    None
 Freezing Cloud           Ice/Air        ######..     8%          5    None
 Metabolic Englaciation   Hex/Ice        #####.....   30%         5    None
 Silence                  Hex/Air        #####.....   30%         5    None
 Ozocubu's Refrigeration  Ice            ######....   38%         6    ###....
 Force Lance              Tloc           ###.....     43%         4    None
 Fulminant Prism          Conj/Hex       ###.......   43%         4    None
 Sticky Flame             Conj/Fire      ###.....     43%         4    None
 Fireball                 Conj/Fire      ###.......   78%         5    None
 Irradiate                Conj/Tmut      ###.......   78%         5    None
 Iron Shot                Conj/Erth      #####.....   80%         6    ###....
 Statue Form              Tmut/Erth      #####....    80%         6    ###....
 Bolt of Cold             Conj/Ice       #####.....   86%         6    ###....
 Conjure Ball Lightning   Conj/Air       #####.....   86%         6    ###....
 Dispersal                Tloc           ###.......   100%        6    ###....
 Icicle Burst             Conj/Ice       #####.....   100%        7    #####..
 Orb of Destruction       Conj           ###.......   100%        7    #####..
 Spellforged Servitor     Conj/Summ      ###.......   100%        7    #####..
 Chain Lightning          Conj/Air       #####.....   100%        8    ######.
 Necromutation            Tmut/Necr      ######..     100%        8    ######.


Dungeon Overview and Level Annotations

Branches:
Dungeon (12/12)            Temple (1/1) D:7            Lair (6/6) D:7
  Swamp (3/3) Lair:4       Shoals (3/3) Lair:2        Slime (0/5) Orc
    Orc (1/1) D:10            Elf (2/3) Lair:6       Vaults (2/3) D:12
  Crypt (0/2) Vaults:1     Depths (2/5) D:12

Altars:
Ashenzari
Cheibriados
Elyvilon
Fedhas
Gozag
Hepliaklqana
Kikubaaqudgha
Lugonu
Makhleb
Nemelex Xobeh
Qazlal
Ru
Sif Muna
Trog
Uskayaw
Vehumet
Wu Jian
Xom
Yredelemnul
Zin
The Shining One
Jiyva

Shops:
D:4 *   D:5 [   D:6 !   D:8 **(   D:10 }[(   Orc [(**   Elf:1 }   Elf:2 :
Shoals:2 [   Vaults:1 :   Depths:1 !(

Portals:
Hell: Depths:1 Depths:2
Abyss: Depths:1
Pandemonium: Depths:1

Annotations:
D:10 1 runed translucent door, tronn's ghost, journeyman GnSA
Shoals:2 1 runed door
Elf:1 3 runed translucent doors
Vaults:2 1 runed translucent door, fifreuwaquouxo3460's ghost, adept TrCK
Depths:2 Xtahua


Message History

t - 3 scrolls of teleportation (gained 1)
You use a rune to identify the item.
Your stone giant simulacrum vapourises!
You see here a +0 leather armour.
You swap places.
You swap places.
D - 3 potions of lignification (gained 1)
You now have 2245 gold pieces (gained 18).
Your unholy channel is weakening.
Your Enchantress spriggan zombie crumbles into dust!
Your unholy channel expires.
You use a rune to identify the item.
You see here a +0 hand crossbow.
You use a rune to identify the item.
You see here a +0 flail.
K - 3 potions of cancellation (gained 1)
You swap places.
You see here a +0 hand crossbow.
You swap places.
You swap places.
You swap places.
p - the +3 faerie dragon scales {*Slow rCorr Int+3 Stlth+}
Things that are here:
a +0 quick blade of distortion; a +0 buckler of reflection Your spectral dire elephant fades into mist!
The lich shouts!
The lich is too close now for your liking.
What are your orders? t - Shout!
Orders for allies: a - Attack new target. r - Retreat! s - Stop attacking. g - Guard the area. f - Follow me.
Anything else - Cancel.
Gang up on whom?
Press: ? - help, Dir - move target cursor, f - lich
Aim: a lich Attack!
What are your orders? t - Shout!
Orders for allies: a - Attack new target. p - Attack previous target. r - Retreat! s - Stop attacking. g - Guard the area. f - Follow me.
Anything else - Cancel.
Gang up on whom?
Press: ? - help, Dir - move target cursor, f/p - lich
Aim: a lich Attack!
The lich casts a spell at you.
The iron shot hits your stone giant skeleton!!!
Casting: Animate Dead (safe; 1% risk of failure)
Confirm with . or Enter, or press ? or * to list all spells.
Aiming: Borgnjor's Vile Clutch (safe; 4% risk of failure)
Press: ? - help, Dir - move target cursor, f/p - lich
Aim: a lich Decaying hands burst forth from the earth!
Zombie hands grab the lich.
The zombie hands constrict the lich!
The lich struggles to escape constriction.
The lich points at you and mumbles some strange words.
The crystal spear hits your stone giant skeleton!!!
Your stone giant skeleton is destroyed!
The crystal spear hits your spriggan defender zombie!!!!
The zombie hands constrict the lich!
The lich touches your spriggan defender zombie!
A stone giant comes into view.
The zombie hands constrict the lich!!
Your hell knight skeleton crumbles into dust!
Your spriggan defender zombie hits the lich with a +0 quick blade of piercing.
Ssssck.
Your spriggan berserker zombie hits the lich with a +0 quarterstaff.
Your spriggan defender zombie hits the lich with a +0 quick blade of piercing.
Snnnck.
The lich points at you and mumbles some strange words.
The crystal spear hits your spriggan defender zombie!!!
Your spriggan defender zombie is destroyed!
The crystal spear hits you!!!!
The zombie hands constrict the lich!
Xtahua breathes magma at you.
A raging storm of fire appears!
The great blast of fire engulfs you!!!!
* * * LOW HITPOINT WARNING * * *
The great blast of fire engulfs Nikola!!!
The great blast of fire engulfs your sphinx zombie!!!
The great blast of fire engulfs your spriggan berserker zombie!!!!
The great blast of fire engulfs the lich!!!!
The lich is destroyed!
The great blast of fire engulfs Nikola!!!!
Nikola is engulfed in blazing flames.
The stone giant throws a large rock.
The large rock hits your sphinx zombie!!
Your sphinx zombie is destroyed!
Your spriggan berserker zombie is engulfed in blazing flames.
Your spriggan berserker zombie hits the fire vortex with a +0 quarterstaff.
Nikola is engulfed in blazing flames. 6 fire vortices come into view.
Okay, then.
The +7 Kryia's mail coat enhances the healing.
You feel much better.
You are engulfed in blazing flames.
Xtahua breathes magma at you.
A raging storm of fire appears!
The great blast of fire engulfs you!!!!
You die...
Kikubaaqudgha rasps: "You have failed me!
Welcome... death!"

........≈..###.##............#
......#....#####.....)......##
.........####....##....>...##
≈≈.....................Z...#
≈≈.≈≈≈......#...≈Z.#######.####
≈..≈≈≈....###....ZZ......Z..))#
≈.≈≈≈≈...###..°v☼v☼.8..8..Z...#
..≈≈≈≈.......≈§○○v○...........#
..≈≈≈≈≈.≈≈≈.≈≈Zv@○☼8....8......#
..[≈≈≈≈.≈≈≈...°○Zv○..§§.....♣##.#
..[≈....≈≈≈...○°v○○..§§...... #.
...................8....8.... #
.............................#
............C.......8..8...
.............D..........
...........$$...##.####.
..<................


You could see Xtahua, a stone giant, 6 fire vortices, a friendly spectral dire
elephant, the friendly Nikola the spectral human, a friendly spriggan berserker
zombie, the friendly Nikola the human zombie and a friendly ice dragon skeleton.

Vanquished Creatures
  Mara (Vaults:2)
  the Enchantress (Depths:2)
  Saint Roka (Vaults:2)
  Margery (Vaults:2)
  Rupert (Lair:3)
  A deep elf blademaster (Elf:2)
  A shadow dragon (Elf:1)
  2 tengu reavers
  2 frost giants
  A fire giant (Depths:2)
  A war gargoyle (Vaults:1)
  4 deep elf sorcerers (Elf:2)
  3 vault wardens (Vaults:1)
  An orc warlord (Vaults:1)
  6 stone giants
  3 spriggan defenders (Depths:2)
  6 ironheart preservers
  A very ugly thing (Depths:1)
  2 deep elf demonologists (Elf:1)
  2 entropy weavers
  6 dire elephants
  A deep elf annihilator (Elf:2)
  3 ettins
  2 merfolk javelineers (Shoals:3)
  2 merfolk impalers (Shoals:1)
  3 fire dragons
  2 deep elf high priests
  A yaktaur captain (Depths:2)
  3 vault guards
  Harold (D:9)
  A rakshasa (Vaults:1)
  9 hydras
  A ghost crab (Swamp:1)
  2 ice dragons (Depths:1)
  4 great orbs of eyes
  3 shambling mangroves
  A catoblepas (Lair:4)
  2 death knights
  An alligator snapping turtle (Shoals:2)
  A merfolk aquamancer (Shoals:3)
  12 two-headed ogres
  16 dancing weapons
  2 satyrs
  5 alligators (Swamp:2)
  6 ogre magi
  6 death yaks
  2 deep troll shamans (Depths:2)
  Sonja (Lair:3)
  3 sea snakes
  3 spriggan berserkers (Depths:2)
  20 deep elf knights
  5 deep trolls
  A spectral death yak (Lair:6)
  An iron troll (D:10)
  7 centaur warriors
  3 hell knights (Vaults:2)
  6 skeletal warriors
  Nergalle (Lair:3)
  7 deep elf archers
  A flayed ghost (Vaults:2)
  4 spriggan druids
  A glowing orange brain (Vaults:1)
  2 swamp dragons (Swamp:3)
  Pikel (D:4)
  A phantasmal warrior (D:12)
  3 wizards
  4 ironheart convokers
  An orc knight (Elf:1)
  2 orc sorcerers
  5 necromancers
  10 cyclopes
  22 ugly things
  3 oklob plants
  11 elephants
  33 deep elf magi
  2 manticores
  A stone giant zombie (Depths:1)
  7 fauns
  6 merfolk sirens
  A naga mage (Depths:2)
  4 black mambas
  A will-o'-wisp (Lair:5)
  3 vault sentinels
  A human skeleton (Vaults:1)
  2 torpor snails
  A water nymph (Shoals:2)
  A kobold demonologist (D:12)
  11 yaktaurs
  7 cane toads
  4 freezing wraiths
  An eye of draining (D:8)
  5 komodo dragons
  8 merfolk
  A tyrant leech (Swamp:2)
  A wind drake (Shoals:2)
  A hornet (Swamp:3)
  7 trolls
  3 harpy skeletons
  3 bog bodies
  3 snapping turtles
  2 slime creatures
  2 blink frogs (Lair:2)
  7 hippogriffs
  4 dream sheep
  2 spriggans
  An air elemental (Elf:1)
  An ettin zombie (Vaults:1)
  15 water elementals
  2 wraiths
  2 wyverns
  41 yaks
  2 basilisks
  A hungry ghost (D:10)
  3 fire elementals
  A redback (Vaults:1)
  4 vampire mosquitoes
  An ogre zombie (Vaults:1)
  2 wargs
  14 swamp worms
  5 crocodiles
  5 water moccasins
  3 porcupines
  3 sky beasts
  15 orc warriors
  A soldier ant (shapeshifter) (D:12)
  A swamp drake (Swamp:2)
  4 ice beasts
  A black bear (shapeshifter) (D:12)
  2 elephant zombies (Lair:6)
  29 ogres
  19 wolves
  2 elephant skeletons (Lair:6)
  4 bullfrogs
  5 kobold brigands
  A gnoll sergeant (D:6)
  An earth elemental (Elf:2)
  8 centaurs
  An ogre simulacrum (Vaults:1)
  A water moccasin zombie (D:7)
  3 scorpions
  18 killer bees (Lair:3)
  2 human simulacra
  2 elephant simulacra (Lair:6)
  4 wights (D:6)
  2 electric eels
  4 orc priests (D:10)
  5 crimson imps
  A quasit (D:12)
  12 orc wizards
  4 hounds
  4 jellies
  2 bullfrog skeletons
  2 iguanas
  11 worker ants
  2 worker ant zombies
  A howler monkey zombie (D:7)
  8 adders
  10 gnolls
  A shadow imp (D:9)
  3 oozes
  3 adder zombies
  A worm (D:3)
  4 adder skeletons
  2 dart slugs
  8 leopard geckos
  63 orcs
  2 giant cockroaches
  A goblin (D:1)
  7 hobgoblins
  8 jackals
  20 kobolds
  3 quokkas
  A ball python (D:1)
  16 bats
  7 frilled lizards
  5 rats
  5 fungi
  11 plants
  2 withered plants (Lair:6)
874 creatures vanquished.

Vanquished Creatures (collateral kills)
  Gastronok (Lair:3)
  Nikola (Depths:2)
  A lich (Depths:2)
  A titan (Shoals:1)
  A sphinx (Depths:2)
  2 tengu reavers
  4 thorn hunters (Swamp:2)
  Kirke (Shoals:1)
  Roxanne (Swamp:2)
  A frost giant (Shoals:1)
  Donald (Shoals:1)
  2 deep elf sorcerers
  A fire giant (Depths:2)
  3 vault wardens
  4 very ugly things
  4 ironheart preservers (Vaults:1)
  An elemental wellspring (Shoals:3)
  7 dire elephants
  A deep elf annihilator (Vaults:1)
  3 merfolk javelineers
  2 deep elf death magi
  2 yaktaur captains
  5 fire dragons
  An ice dragon (Elf:1)
  5 merfolk impalers
  A rakshasa (Depths:2)
  A spriggan air mage (Depths:2)
  Erica (D:9)
  Fannar (Lair:3)
  4 vault guards
  An alligator snapping turtle (Shoals:3)
  14 hydras
  A great orb of eyes (shapeshifter) (Vaults:2)
  2 shambling mangroves (Swamp:3)
  A great orb of eyes (Vaults:1)
  3 ghost crabs
  6 two-headed ogres
  A merfolk avatar (Shoals:3)
  2 ogre magi
  4 dancing weapons
  A deep troll shaman (Vaults:1)
  4 satyrs
  2 deep troll earth magi
  A sea snake (shapeshifter) (Vaults:2)
  8 merfolk aquamancers
  A tengu warrior (Vaults:2)
  3 ironheart beastmasters
  9 death yaks
  2 spectral dire elephants (Lair:6)
  11 alligators
  6 sea snakes
  6 deep trolls
  6 deep elf knights
  A skeletal warrior (D:12)
  2 centaur warriors (Vaults:1)
  A spectral death yak (Lair:6)
  2 goliath frogs
  5 swamp dragons
  A death drake (Swamp:2)
  A spectral anaconda (Lair:6)
  An obsidian statue (Lair:6)
  A spriggan druid (Swamp:2)
  3 harpies (Shoals:1)
  5 wizards
  2 ironheart convokers (Vaults:1)
  4 cyclopes
  A harpy (shapeshifter) (Vaults:1)
  2 necromancers
  11 fauns
  20 ugly things
  11 deep elf magi
  3 oklob plants
  9 manticores
  A black mamba (Lair:6)
  7 merfolk sirens
  10 will-o'-wisps
  A vault sentinel (Vaults:1)
  10 elephants
  A water nymph (Shoals:3)
  A black mamba (shapeshifter) (Vaults:2)
  A torpor snail (Lair:2)
  7 cane toads
  A storm dragon simulacrum (Depths:1)
  A spriggan skeleton (Depths:1)
  A yaktaur zombie (Depths:1)
  A rime drake (Lair:6)
  6 yaktaurs
  A tengu conjurer (Depths:2)
  A komodo dragon (Lair:1)
  2 trolls (Orc)
  24 merfolk
  A harpy zombie (D:12)
  A queen bee (shapeshifter) (Depths:2)
  A meliai (shapeshifter) (D:12)
  12 slime creatures
  2 wind drakes
  A polar bear (Lair:3)
  11 hornets
  3 blink frogs
  4 bog bodies
  3 tyrant leeches
  12 dream sheep
  2 snapping turtles (Shoals:2)
  3 spectral elephants (Lair:6)
  7 hippogriffs
  6 water elementals
  A stone giant simulacrum (Depths:1)
  A wyvern (D:9)
  4 spriggans
  22 yaks
  8 vampire mosquitoes
  2 redbacks (Vaults:1)
  5 hogs (Shoals:1)
  2 basilisks
  3 spectral cane toads (Lair:6)
  A deep troll zombie (Vaults:2)
  5 swamp worms
  3 crocodiles
  3 water moccasins
  2 porcupines
  4 orc warriors
  15 ogres
  A phantom (D:6)
  16 swamp drakes
  A human zombie (Vaults:2)
  13 wolves
  An elephant skeleton (Lair:6)
  2 bullfrogs
  A kobold brigand (D:9)
  A cane toad simulacrum (Lair:6)
  A centaur (D:9)
  A scorpion (D:11)
  27 killer bees (Lair:3)
  A human simulacrum (Vaults:1)
  An electric eel (Lair:1)
  A crimson imp (D:6)
  A hound (D:9)
  A bullfrog skeleton (D:5)
  7 orc wizards
  2 adders
  A worm (D:3)
  A dart slug (D:1)
  A leopard gecko (D:3)
  15 orcs
  A giant cockroach (D:3)
  A hobgoblin (D:3)
  5 kobolds
  3 bats (D:1)
  A butterfly (Lair:6)
  11 fungi
  24 plants
  A withered plant (Lair:6)
616 creatures vanquished.

Vanquished Creatures (others)
  Sojobo (Depths:1)
  A lich (Depths:2)
  A dancing weapon (Elf:2)
  A deep elf knight (Elf:2)
  A tengu conjurer (Depths:2)
  3 killer bees (Lair:3)
  A slave (D:4)
  An ogre (Orc)
  A hound (D:4)
  2 orcs (D:4)
  A quokka skeleton (D:4)
  2 briar patches (Swamp:2)
  21 fungi
  30 plants
  4 toadstools (D:1)
  10 withered plants
81 creatures vanquished.

Grand Total: 1571 creatures vanquished

Notes
Turn   | Place    | Note
-------+----------+-------------------------------------------
     0 | D:1      | Artagas the Human Necromancer began the quest for the Orb.
     0 | D:1      | Reached XP level 1. HP: 13/13 MP: 3/3
   226 | D:1      | Reached XP level 2. HP: 18/19 MP: 0/5
   310 | D:1      | Reached skill level 5 in Necromancy
   328 | D:1      | Reached skill level 1 in Fighting
   434 | D:1      | Reached XP level 3. HP: 23/26 MP: 1/6
   552 | D:1      | Reached skill level 2 in Fighting
  1683 | D:2      | Reached XP level 4. HP: 32/33 MP: 5/7
  1743 | D:2      | Learned a level 3 spell: Vampiric Draining
  2235 | D:3      | Reached skill level 6 in Necromancy
  2235 | D:3      | Reached XP level 5. HP: 25/38 MP: 0/8
  2847 | D:3      | Learned a level 4 spell: Animate Dead
  2869 | D:4      | Found a shimmering blue altar of Sif Muna.
  2898 | D:4      | Got a creamy pearl robe
  2927 | D:4      | Noticed a sky beast
  2928 | D:4      | Found Naifoz's General Store.
  2948 | D:4      | Noticed Pikel
  2996 | D:4      | Killed a sky beast
  2997 | D:4      | Reached skill level 3 in Spellcasting
  2997 | D:4      | Reached skill level 3 in Fighting
  2997 | D:4      | Reached XP level 6. HP: 21/47 MP: 2/11
  3010 | D:4      | Noticed a slave
  3018 | D:4      | HP: 7/47 [Pikel/+1 whip of flaming (2)]
  3145 | D:4      | Got a slimy robe
  3176 | D:4      | Bought a scroll of fear for 65 gold pieces
  3176 | D:4      | Bought a scroll of identify for 26 gold pieces
  3176 | D:4      | Bought a wand of paralysis (5) for 78 gold pieces
  3176 | D:4      | Identified the +2 robe of Limited Liability {+Fly MR+
                  | Str-3} (You found it on level 4 of the Dungeon)
  3188 | D:4      | Noticed a sky beast
  3223 | D:4      | Killed a sky beast
  3224 | D:4      | Reached skill level 4 in Spellcasting
  3313 | D:4      | Reached XP level 7. HP: 48/52 MP: 13/13
  3398 | D:4      | Killed Pikel
  3399 | D:4      | Reached skill level 7 in Necromancy
  3399 | D:4      | Reached skill level 4 in Fighting
  3399 | D:4      | Reached skill level 5 in Spellcasting
  3399 | D:4      | Reached skill level 3 in Dodging
  3399 | D:4      | Reached XP level 8. HP: 54/61 MP: 0/15
  3740 | D:4      | Got a bone dagger
  3845 | D:4      | Reached skill level 5 in Fighting
  3850 | D:4      | Learned a level 4 spell: Agony
  3929 | D:4      | Identified the cursed +0 robe of an ossuary {rF+ rCorr
                  | Str-3} (You found it on level 4 of the Dungeon)
  3930 | D:4      | Identified the +10 dagger of Balance {antimagic, Int+2 SInv
                  | Stlth+} (You found it on level 4 of the Dungeon)
  4210 | D:5      | Entered Level 5 of the Dungeon
  4384 | D:5      | Found a snail-covered altar of Cheibriados.
  4416 | D:5      | Reached skill level 8 in Necromancy
  4486 | D:5      | Reached skill level 1 in Short Blades
  4711 | D:5      | Reached skill level 3 in Short Blades
  4926 | D:5      | Found a shimmering altar of Xom.
  4936 | D:5      | Found Dawaico's Antique Armour Shop.
  4940 | D:5      | Got a masterwork leather armour
  4962 | D:5      | Identified the +1 leather armour of the End {rElec Str+2
                  | Dex+3} (You found it on level 5 of the Dungeon)
  5229 | D:5      | Reached XP level 9. HP: 64/68 MP: 4/16
  5253 | D:5      | Reached skill level 4 in Short Blades
  5353 | D:6      | Reached skill level 5 in Short Blades
  5413 | D:6      | Found an opulent altar of Gozag.
  5421 | D:6      | Reached skill level 6 in Fighting
  5441 | D:6      | Noticed a hippogriff
  5442 | D:6      | Identified Xaninog's Handbook of the Birds
  5452 | D:6      | Killed a hippogriff
  5522 | D:6      | Noticed a hippogriff
  5531 | D:6      | Killed a hippogriff
  5532 | D:6      | Reached skill level 7 in Fighting
  5717 | D:6      | HP: 5/74 [gnoll sergeant/+0 trident of venom (14)]
  5723 | D:6      | Reached skill level 8 in Fighting
  5882 | D:6      | Found Ogac's Distillery.
  5907 | D:6      | Bought a potion of heal wounds for 75 gold pieces
  5907 | D:6      | Bought 2 potions of heal wounds for 150 gold pieces
  5907 | D:6      | Bought a potion of curing for 37 gold pieces
  6049 | D:6      | Reached skill level 1 in Evocations
  6061 | D:6      | Reached skill level 2 in Evocations
  6140 | D:6      | Reached skill level 3 in Evocations
  6188 | D:6      | Reached skill level 4 in Evocations
  6194 | D:6      | Learned a level 5 spell: Dispel Undead
  6533 | D:7      | Reached XP level 10. HP: 80/80 MP: 8/17
  6730 | D:7      | Identified Sif Muna's Almanac of the Shifting Traveller
  6739 | D:7      | Reached skill level 6 in Short Blades
  6762 | D:7      | Got a smoking dagger
  7072 | D:7      | Found a staircase to the Lair.
  7110 | D:7      | Reached skill level 9 in Necromancy
  7140 | D:7      | Found a staircase to the Ecumenical Temple.
  7145 | Temple   | Entered the Ecumenical Temple
  7184 | Temple   | Became a worshipper of Kikubaaqudgha
  7287 | D:7      | Identified the cursed +1 dagger "Miplemas" {flame, *Contam
                  | *Noise +Blink Stlth+} (You found it on level 7 of the
                  | Dungeon)
  7337 | D:8      | Found Boovusou's General Store.
  7343 | D:8      | Bought a scroll of revelation for 40 gold pieces
  7343 | D:8      | Bought a wand of iceblast (7) for 120 gold pieces
  7478 | D:8      | Found Xageypaa's General Store.
  7664 | D:8      | Found Oskupta's Antique Weapon Boutique.
  7782 | D:8      | Noticed an eye of draining
  7810 | D:8      | Killed an eye of draining
  7811 | D:8      | Reached skill level 9 in Fighting
  8327 | D:8      | Reached skill level 10 in Necromancy
  8451 | D:8      | Noticed a three-headed hydra
  8465 | D:8      | Killed a three-headed hydra
  8466 | D:8      | Reached skill level 6 in Spellcasting
  8474 | D:8      | Reached XP level 11. HP: 56/89 MP: 1/20
  8683 | Lair:1   | Entered Level 1 of the Lair of Beasts
  8726 | Lair:1   | Reached skill level 11 in Necromancy
  9136 | Lair:1   | Reached skill level 12 in Necromancy
  9145 | Lair:1   | Reached skill level 4 in Dodging
  9162 | Lair:1   | Reached skill level 5 in Dodging
  9302 | Lair:1   | Reached * piety under Kikubaaqudgha
  9302 | Lair:1   | Identified Kikubaaqudgha's Collected Works on Black Magic
                  | (Kikubaaqudgha gifted it to you on level 1 of the Lair of
                  | Beasts)
  9302 | Lair:1   | Received a gift from Kikubaaqudgha
  9307 | Lair:1   | Learned a level 2 spell: Corpse Rot
  9311 | Lair:1   | Learned a level 3 spell: Regeneration
  9340 | Lair:1   | Reached skill level 6 in Dodging
  9747 | Lair:1   | Reached skill level 7 in Dodging
 10409 | Lair:2   | Noticed a death yak
 10410 | Lair:2   | Noticed a death yak
 10418 | Lair:2   | Reached skill level 7 in Spellcasting
 10419 | Lair:2   | Killed a death yak
 10426 | Lair:2   | Killed a death yak
 10427 | Lair:2   | Reached skill level 8 in Spellcasting
 10427 | Lair:2   | Reached XP level 12. HP: 32/95 MP: 6/24
 10683 | Lair:2   | Reached skill level 5 in Evocations
 11240 | Lair:2   | Found a staircase to the Shoals.
 11255 | Lair:2   | Reached skill level 10 in Fighting
 11298 | Lair:2   | Reached ** piety under Kikubaaqudgha
 11639 | Lair:2   | Reached skill level 11 in Fighting
 11692 | Lair:3   | Noticed Gastronok
 11708 | Lair:3   | Killed Gastronok
 11709 | Lair:3   | Reached skill level 9 in Spellcasting
 11709 | Lair:3   | Reached skill level 8 in Dodging
 11723 | Lair:3   | Noticed Rupert
 11740 | Lair:3   | Reached XP level 13. HP: 106/106 MP: 2/26
 11775 | Lair:3   | Noticed an eight-headed hydra
 11800 | Lair:3   | Noticed Fannar
 11811 | Lair:3   | Killed Fannar
 11812 | Lair:3   | Reached skill level 13 in Necromancy
 11931 | Lair:3   | Reached skill level 9 in Dodging
 11947 | Lair:3   | HP: 12/106 [elephant (16)]
 12085 | Lair:3   | Reached *** piety under Kikubaaqudgha
 12085 | Lair:3   | Identified Kikubaaqudgha's Catalogue of Black Magic
                  | (Kikubaaqudgha gifted it to you on level 3 of the Lair of
                  | Beasts)
 12085 | Lair:3   | Received a gift from Kikubaaqudgha
 12089 | Lair:3   | Reached skill level 10 in Spellcasting
 12117 | Lair:3   | Learned a level 6 spell: Borgnjor's Vile Clutch
 12122 | Lair:3   | Learned a level 2 spell: Sublimation of Blood
 12146 | Lair:3   | Reached skill level 1 in Earth Magic
 12176 | Lair:3   | Noticed Nergalle
 12196 | Lair:3   | Killed Nergalle
 12197 | Lair:3   | Reached skill level 2 in Earth Magic
 12215 | Lair:3   | Killed an eight-headed hydra
 12216 | Lair:3   | Reached skill level 3 in Earth Magic
 12394 | Lair:3   | Paralysed by Rupert for 4 turns
 12555 | Lair:3   | Paralysed by Rupert for 4 turns
 12563 | Lair:3   | Reached skill level 4 in Earth Magic
 12568 | Lair:3   | Killed Rupert
 12569 | Lair:3   | Reached skill level 6 in Earth Magic
 12928 | Lair:3   | Reached skill level 7 in Earth Magic
 13478 | Lair:3   | Noticed Sonja
 13487 | Lair:3   | Killed Sonja
 13488 | Lair:3   | Reached skill level 8 in Earth Magic
 13488 | Lair:3   | Reached XP level 14. HP: 113/113 MP: 14/28
 13626 | Lair:3   | Found a blossoming altar of Fedhas.
 14484 | Lair:4   | Reached **** piety under Kikubaaqudgha
 14925 | Lair:4   | Found a staircase to the Swamp.
 15234 | Lair:5   | Reached skill level 14 in Necromancy
 15380 | Lair:5   | Reached skill level 11 in Spellcasting
 15915 | Lair:5   | Reached skill level 12 in Spellcasting
 15922 | Lair:5   | Learned a level 6 spell: Death Channel
 16033 | Lair:5   | Reached skill level 1 in Armour
 16184 | Lair:6   | Entered Level 6 of the Lair of Beasts
 16197 | Lair:6   | Reached skill level 1 in Charms
 16220 | Lair:6   | Reached skill level 2 in Armour
 16253 | Lair:6   | Identified Onu Ogoe's Tome of Flying Conjuration
 16275 | Lair:6   | Reached skill level 2 in Charms
 16283 | Lair:6   | Reached skill level 3 in Armour
 16283 | Lair:6   | Reached skill level 3 in Charms
 16286 | Lair:6   | Reached skill level 4 in Charms
 16291 | Lair:6   | Reached skill level 5 in Charms
 16291 | Lair:6   | Reached XP level 15. HP: 118/118 MP: 6/31
 16328 | Lair:6   | Found a staircase to the Elven Halls.
 16401 | Lair:6   | Reached skill level 6 in Charms
 16413 | Lair:6   | Reached skill level 7 in Charms
 17279 | Lair:6   | Reached skill level 13 in Spellcasting
 17452 | Lair:6   | Identified Kikubaaqudgh's Volume of Stolen Souls
 18167 | Lair:6   | Reached skill level 15 in Necromancy
 19023 | D:9      | Noticed Erica
 19039 | D:9      | Killed Erica
 19040 | D:9      | Reached skill level 10 in Dodging
 19194 | D:9      | Noticed Harold
 19214 | D:9      | Killed Harold
 19215 | D:9      | Reached skill level 1 in Polearms
 19268 | D:9      | Reached skill level 2 in Polearms
 19582 | D:10     | Entered Level 10 of the Dungeon
 19622 | D:10     | Found Uweukhlo's Gadget Emporium.
 19737 | D:10     | Found Tyledurgh's Armour Emporium.
 19996 | D:10     | Found Nisauc's Weapon Boutique.
 20006 | D:10     | Found a runed translucent door.
 20008 | D:10     | Noticed tronn's ghost (journeyman GnSA)
 20025 | D:10     | Reached skill level 3 in Polearms
 20030 | D:10     | Reached skill level 4 in Armour
 20030 | D:10     | Reached XP level 16. HP: 85/125 MP: 14/33
 20132 | D:10     | Found a staircase to the Orcish Mines.
 20738 | D:10     | Reached ***** piety under Kikubaaqudgha
 20758 | D:10     | Reached skill level 4 in Polearms
 21009 | D:11     | Reached skill level 5 in Armour
 21803 | D:11     | Found a glowing silver altar of Zin.
 22277 | D:11     | Reached skill level 5 in Polearms
 22501 | D:12     | Entered Level 12 of the Dungeon
 22571 | D:12     | Found a white marble altar of Elyvilon.
 22600 | D:12     | Reached skill level 6 in Armour
 22746 | D:12     | Found a gate to the Vaults.
 22757 | D:12     | Reached skill level 6 in Polearms
 22764 | D:12     | Reached skill level 7 in Armour
 22798 | D:12     | Reached skill level 7 in Polearms
 23083 | D:12     | Reached skill level 8 in Polearms
 23541 | D:12     | Reached skill level 8 in Armour
 23746 | D:12     | Found a staircase to the Depths.
 23913 | Orc      | Entered the Orcish Mines
 23917 | Orc      | Found Unwomeb's Assorted Antiques.
 23927 | Orc      | Reached skill level 9 in Armour
 24413 | Orc      | Reached XP level 17. HP: 133/133 MP: 30/34
 24429 | Orc      | Reached skill level 12 in Fighting
 24450 | Orc      | Learned a level 6 spell: Simulacrum
 24793 | Orc      | Found Qaoc's Armour Emporium.
 24816 | Orc      | Reached skill level 1 in Ice Magic
 24823 | Orc      | Found Zoup's Weapon Boutique.
 24860 | Orc      | Found Saaphu's General Store.
 24882 | Orc      | Bought a scroll labeled TOPHOB TARY for 19 gold pieces
 24882 | Orc      | Bought a coral ring for 95 gold pieces
 24882 | Orc      | Bought a scroll of fog for 38 gold pieces
 24882 | Orc      | Bought a potion of resistance for 190 gold pieces
 24882 | Orc      | Bought a scroll of identify for 38 gold pieces
 24897 | Orc      | Bought a scroll of identify for 38 gold pieces
 24928 | Orc      | Reached skill level 2 in Ice Magic
 24970 | Orc      | Found a viscous altar of Jiyva.
 24990 | Orc      | Found a staircase to the Slime Pits.
 25084 | Orc      | Bought a potion of ambrosia for 48 gold pieces
 25084 | Orc      | Bought a potion of invisibility for 96 gold pieces
 25084 | Orc      | Bought a scroll of fog for 24 gold pieces
 25084 | Orc      | Bought a potion of magic for 60 gold pieces
 25084 | Orc      | Bought a scroll of teleportation for 36 gold pieces
 25500 | D:12     | Got a faintly humming leather armour
 25511 | D:12     | Identified the cursed +0 leather armour of the Untouchables
                  | {rN+} (You found it on level 12 of the Dungeon)
 26491 | Swamp:1  | Entered Level 1 of the Swamp
 26500 | Swamp:1  | Reached skill level 3 in Ice Magic
 26594 | Swamp:1  | Found a sparkling altar of Nemelex Xobeh.
 26877 | Swamp:1  | HP: 20/135 [spriggan rider/+0 spear (23)]
 27141 | Swamp:1  | Reached skill level 4 in Ice Magic
 27660 | Swamp:2  | Got a pair of jewelled gloves
 27671 | Swamp:2  | Identified the +0 pair of gloves of the Cooper {rPois} (You
                  | found it on level 2 of the Swamp)
 27709 | Swamp:2  | Noticed a thorn hunter
 27716 | Swamp:2  | Killed a thorn hunter
 27717 | Swamp:2  | Reached skill level 5 in Ice Magic
 27727 | Swamp:2  | Noticed a thorn hunter
 27733 | Swamp:2  | Killed a thorn hunter
 27893 | Swamp:2  | Noticed Roxanne
 27899 | Swamp:2  | Reached skill level 13 in Fighting
 27924 | Swamp:2  | Reached skill level 6 in Ice Magic
 28499 | Swamp:2  | Reached skill level 7 in Ice Magic
 28848 | Swamp:2  | Noticed a thorn hunter
 28857 | Swamp:2  | Killed a thorn hunter
 29273 | Swamp:2  | Killed Roxanne
 29280 | Swamp:2  | Identified Roxanne's Papyrus of Changing (You took it off
                  | Roxanne on level 2 of the Swamp)
 29401 | Swamp:2  | Reached skill level 14 in Spellcasting
 29723 | Swamp:2  | Noticed a thorn hunter
 29731 | Swamp:2  | Killed a thorn hunter
 30039 | Swamp:3  | Entered Level 3 of the Swamp
 30053 | Swamp:3  | Reached XP level 18. HP: 93/143 MP: 17/36
 30055 | Swamp:3  | Reached skill level 9 in Polearms
 30635 | Swamp:3  | Reached skill level 10 in Polearms
 30845 | Swamp:3  | Reached skill level 16 in Necromancy
 30889 | Swamp:3  | Got a decaying rune of Zot
 31337 | Swamp:3  | Identified the +6 falchion of Luahas {pain, rPois rC+
                  | Str-4}
 31584 | Swamp:3  | Reached skill level 11 in Polearms
 32066 | Vaults:1 | Entered Level 1 of the Vaults
 32357 | D:5      | Bought a bloodstained chain mail for 275 gold pieces
 32357 | D:5      | Identified the +5 chain mail of Hedge Wizardry {rPois Str-5
                  | Int+10} (You bought it in a shop on level 5 of the Dungeon)
 32720 | Vaults:1 | Reached ****** piety under Kikubaaqudgha
 32721 | Vaults:1 | Reached skill level 12 in Polearms
 32796 | Vaults:1 | Reached XP level 19. HP: 149/149 MP: 9/37
 32840 | Vaults:1 | Reached skill level 15 in Spellcasting
 32847 | Vaults:1 | Learned a level 6 spell: Deflect Missiles
 32850 | Vaults:1 | Identified the cursed +1 hand crossbow "Siuh" {speed,
                  | Int+4}
 32879 | Vaults:1 | Found a staircase to the Crypt.
 32879 | Vaults:1 | Found a basalt altar of Yredelemnul.
 32879 | Vaults:1 | Found an ancient bone altar of Kikubaaqudgha.
 32938 | Vaults:1 | Reached skill level 1 in Air Magic
 32941 | Vaults:1 | Reached skill level 2 in Air Magic
 33058 | Vaults:1 | Reached skill level 3 in Air Magic
 33193 | Vaults:1 | Reached skill level 8 in Charms
 33205 | Vaults:1 | Reached skill level 4 in Air Magic
 33475 | Vaults:1 | Reached skill level 5 in Air Magic
 33482 | Vaults:1 | Reached skill level 6 in Air Magic
 33607 | Vaults:1 | Reached skill level 7 in Air Magic
 33990 | Vaults:1 | Reached skill level 10 in Armour
 34303 | Vaults:1 | Reached skill level 13 in Polearms
 34532 | Vaults:1 | Found Bitral's Book Boutique.
 34630 | Vaults:1 | Reached skill level 11 in Dodging
 34743 | Vaults:1 | Reached XP level 20. HP: 156/156 MP: 29/39
 35229 | Shoals:1 | Entered Level 1 of the Shoals
 35229 | Shoals:1 | Found the +0 shillelagh "Devastator" {shatter, Stlth+}
 35245 | Shoals:1 | Noticed Kirke
 35251 | Shoals:1 | Killed Kirke
 35342 | Shoals:1 | Reached skill level 12 in Dodging
 35512 | Shoals:1 | Noticed Donald
 35514 | Shoals:1 | Reached skill level 13 in Dodging
 35520 | Shoals:1 | Killed Donald
 36252 | Shoals:1 | Reached skill level 14 in Fighting
 36854 | Shoals:2 | Found a runed door.
 37406 | Shoals:2 | Found Lukoett's Armour Shoppe.
 37421 | Shoals:2 | Reached skill level 14 in Polearms
 37441 | Shoals:2 | Bought the +3 hat of Pondering {ponderous, MR+ MP+10 Int+5}
                  | for 571 gold pieces
 37441 | Shoals:2 | Found the +3 hat of Pondering {ponderous, MR+ MP+10 Int+5}
 37714 | Shoals:3 | Entered Level 3 of the Shoals
 37742 | Shoals:3 | Reached skill level 6 in Evocations
 37887 | Shoals:3 | Reached skill level 7 in Evocations
 38106 | Shoals:3 | Reached XP level 21. HP: 165/165 MP: 40/40
 38428 | Shoals:3 | Identified the +2 pair of gloves of Pan-Flutes {+Blink
                  | rElec rPois Str-3}
 38476 | Shoals:3 | Reached skill level 11 in Armour
 38809 | Shoals:3 | Got a barnacled rune of Zot
 39677 | Vaults:2 | Noticed Saint Roka
 39688 | Vaults:2 | Killed Saint Roka
 39697 | Vaults:2 | Reached skill level 15 in Fighting
 39746 | Vaults:2 | Found a runed translucent door.
 39747 | Vaults:2 | Noticed fifreuwaquouxo3460's ghost (adept TrCK)
 39748 | Vaults:2 | Found a shimmering altar of Xom.
 39769 | Vaults:2 | Noticed Mara
 39790 | Vaults:2 | Killed Mara
 39813 | Vaults:2 | Reached skill level 12 in Armour
 39932 | Vaults:2 | Noticed Margery
 39972 | Vaults:2 | Killed Margery
 40375 | Vaults:2 | Reached skill level 16 in Fighting
 41323 | Elf:1    | Entered Level 1 of the Elven Halls
 41364 | Elf:1    | Identified the cursed +0 ring mail "Jonurix" {*Slow rElec
                  | rC- Regen+}
 41417 | Elf:1    | Found Vepiotu's Gadget Boutique.
 41967 | Elf:1    | Reached XP level 22. HP: 133/178 MP: 18/41
 41972 | Elf:1    | Reached skill level 15 in Polearms
 42051 | Elf:1    | Found a runed translucent gate.
 42051 | Elf:1    | Found a runed translucent gate.
 42051 | Elf:1    | Found a runed translucent gate.
 42051 | Elf:1    | Found a runed translucent gate.
 42051 | Elf:1    | Found a runed translucent gate.
 42053 | Elf:1    | Found a runed translucent gate.
 42995 | Elf:2    | Reached skill level 16 in Polearms
 43223 | Elf:2    | Found Kitwoora's Book Emporium.
 43688 | Elf:2    | Identified a scroll of acquirement
 43797 | Elf:2    | Reached skill level 17 in Necromancy
 43815 | Elf:2    | Found a huge runed gate.
 43815 | Elf:2    | Found a huge runed gate.
 43815 | Elf:2    | Found a huge runed gate.
 43815 | Elf:2    | Found a huge runed gate.
 43816 | Elf:2    | Found a huge runed gate.
 44355 | Elf:2    | Bought the Reference Book on Confrontation for 715 gold
                  | pieces
 44363 | Elf:2    | Identified the amulet of Ximoodgh {Reflect Dex+4 SH+3} (You
                  | acquired it on level 2 of the Elven Halls)
 44363 | Elf:2    | Identified the Collected Works on the Doomed Arsonist (You
                  | acquired it on level 2 of the Elven Halls)
 44363 | Elf:2    | Found the +7 Kryia's mail coat {PotionHeal*2 rC+ RMsl}
 44569 | Elf:2    | Reached skill level 17 in Polearms
 45389 | Depths:1 | Entered Level 1 of the Depths
 45467 | Depths:1 | Killed Sojobo
 45523 | Depths:1 | Found Kaarch's Distillery.
 45533 | Depths:1 | Reached XP level 23. HP: 81/184 MP: 42/42
 45539 | Depths:1 | Found Zoes's Antique Weapon Shoppe.
 45556 | Depths:1 | Bought a potion of heal wounds for 75 gold pieces
 45556 | Depths:1 | Bought a potion of heal wounds for 75 gold pieces
 45556 | Depths:1 | Bought a potion of heal wounds for 75 gold pieces
 45734 | Depths:1 | Found a gateway to Hell.
 45787 | Depths:1 | Reached skill level 18 in Polearms
 45904 | Depths:1 | Found a one-way gate leading to the halls of Pandemonium.
 46145 | Depths:1 | Learned a level 5 spell: Bolt of Draining
 46180 | Depths:1 | Found a one-way gate to the infinite horrors of the Abyss.
 47183 | Depths:2 | Reached skill level 14 in Dodging
 47535 | Depths:2 | Found a radiant altar of Vehumet.
 47549 | Depths:2 | Identified the +0 hat "Naafalu" {Stlth+}
 47550 | Depths:2 | Identified the +2 hat of Xasy {rPois rC+ MR- Int+6}
 47553 | Depths:2 | Identified the +3 robe of the Trombone {rElec rN+}
 47555 | Depths:2 | Identified the +2 robe of Life {rC+++}
 47724 | Depths:2 | Found a shattered altar of Ashenzari.
 47759 | Depths:2 | Noticed Nikola
 47762 | Depths:2 | Noticed Xtahua
 47767 | Depths:2 | Identified the +3 faerie dragon scales {*Slow rCorr Int+3
                  | Stlth+}
 47767 | Depths:2 | Noticed the Enchantress
 47877 | Depths:2 | Killed the Enchantress
 47881 | Depths:2 | Reached skill level 13 in Armour
 48074 | Depths:2 | Killed Nikola
 48075 | Depths:2 | Reached skill level 15 in Dodging
 48161 | Depths:2 | Killed from afar by Xtahua

Skill      XL: |  1  2  3  4  5  6  7  8  9 10 11 12 13 14 15 16 17 18 19 20 21 22 23 |
---------------+----------------------------------------------------------------------+-----
Necromancy     | 5 6 7 8 10 12 13 14 15 16 17 | 17.0
Fighting       | 1 2 3 4 5 8 9 11 13 14 16 | 16.2
Spellcasting   | 3 4 5 6 8 9 10 12 13 14 15 | 15.0
Dodging        | 3 7 8 9 10 11 13 15 | 15.0
Short Blades   | 3 5 6 |  6.0
Evocations     | 4 5 7 |  7.0
Earth Magic    | 8 |  8.0
Armour         | 3 4 9 10 12 13 | 13.0
Charms         | 5 7 8 |  8.0
Polearms       | 3 8 12 13 14 17 18 | 18.0
Ice Magic      | 7 |  7.0
Air Magic      | 7 |  7.0
Stealth        | |  2.4

Action                   |  1- 3 |  4- 6 |  7- 9 | 10-12 | 13-15 | 16-18 | 19-21 | 22-24 || total
-------------------------+-------+-------+-------+-------+-------+-------+-------+-------++-------
Melee: Dagger            |    52 |    14 |   133 |   297 |   155 |       |       |       ||   651
       Halberd           |       |       |       |       |    63 |   349 |   403 |    77 ||   892
       Glaive            |       |       |       |       |       |       |       |   291 ||   291
 Fire: Blowgun           |       |    23 |    16 |       |    47 |       |       |       ||    86
Throw: Throwing net      |       |     1 |       |       |       |       |       |       ||     1
       Tomahawk          |       |       |       |       |       |     1 |       |       ||     1
 Cast: Necrotize         |    46 |    40 |    54 |    39 |     2 |       |       |       ||   181
       Vampiric Draining |       |     7 |    10 |    15 |     6 |     7 |     7 |       ||    52
       Animate Dead      |       |     1 |       |    12 |    52 |    38 |    33 |    21 ||   157
       Agony             |       |       |     1 |     6 |     1 |       |     1 |       ||     9
       Regeneration      |       |       |       |     1 |     4 |    14 |     4 |     5 ||    28
       Corpse Rot        |       |       |       |     1 |     3 |     4 |    14 |    16 ||    38
       Borgnjor's Vile C |       |       |       |       |   129 |   161 |   164 |    68 ||   522
       Death Channel     |       |       |       |       |     8 |    22 |    28 |     9 ||    67
       Dispel Undead     |       |       |       |       |     7 |     5 |       |       ||    12
       Sublimation of Bl |       |       |       |       |       |     2 |       |     1 ||     3
       Simulacrum        |       |       |       |       |       |    41 |    48 |    24 ||   113
       Deflect Missiles  |       |       |       |       |       |       |     1 |       ||     1
       Bolt of Draining  |       |       |       |       |       |       |       |     8 ||     8
Invok: Receive Corpses   |       |       |       |     3 |    24 |    36 |    44 |    31 ||   138
 Abil: Evoke Blink       |       |       |       |       |       |       |     2 |       ||     2
Evoke: Wand              |       |       |     3 |     3 |    11 |     4 |     2 |    10 ||    33
       Phial of floods   |       |       |       |     1 |       |       |       |       ||     1
  Use: Scroll            |       |     6 |     8 |     7 |     9 |    14 |     3 |    12 ||    59
       Potion            |       |       |     2 |     2 |     4 |     4 |     1 |     4 ||    17
 Stab: Sleeping          |     3 |     3 |    10 |    13 |     2 |     1 |       |       ||    32
       Distracted        |       |     1 |       |     2 |     2 |     4 |     8 |     9 ||    26
       Paralysed         |       |       |     1 |     1 |     1 |       |       |       ||     3
  Eat: Chunk             |     1 |     6 |    16 |    21 |    34 |    44 |    51 |    25 ||   198
       Ration            |     1 |     1 |       |     1 |    11 |    14 |     4 |     5 ||    37
Armor: Robe              |    11 |    12 |    37 |       |       |       |       |       ||    60
       Leather armour    |       |       |    23 |    54 |    82 |       |       |       ||   159
       Ring mail         |       |       |       |       |     7 |   185 |    31 |       ||   223
       Scale mail        |       |       |       |       |       |       |    68 |   124 ||   192
Dodge: Dodged            |    46 |    39 |   124 |   200 |   358 |   394 |   264 |   177 ||  1602
       Deflected         |       |       |       |       |       |       |    84 |    63 ||   147

Levels and vault maps discovered:
D:1:      dpeg_arrival_circle_labyrinth_c, layout_loops_ring,
          minmay_gold_behind_fungi
D:2:      layout_basic
D:3:      layout_rooms, first_ration
D:4:      layout_basic, lemuel_crystal_altar, serial_shops,
          nicolae_shop_temple_entry_statues_fountains, uniq_pikel
D:5:      layout_cave_pods, serial_shops, shop, basic_altar,
          chequers_mini_garden, roderic_batcave, kennysheep_slug_shrine
D:6:      layout_rooms, nicolae_gozag_seed_capital, serial_shops, shop
D:7:      kb_forest_paths, layout_loops_cross,
          minmay_temple_entry_statues_pillars
D:8:      layout_loops_ring, serial_shops, shop, shop, nicolae_shop_stone,
          hangedman_ranch [blue_anna_fruit_fields]
D:9:      layout_loops_cross, nicolae_figureground_pulse, uniq_harold,
          uniq_erica
D:10:     layout_roguey, david_orc_4, serial_shops, nicolae_shop_statue_plus,
          shop, shop, gammafunk_ghost_grave
D:11:     layout_stronghold, basic_altar
D:12:     grunt_enter_depths_hoard, layout_basic,
          lightli_vaults_fourway_checkpoint, elyvilon_altar_5, fountainhead
Temple:   compressed_dpeg_triangle_lava_temple
Lair:1:   layout_chaotic_city, serial_rivers, chequers_serial_rivers_large_a,
          chequers_serial_rivers_micro_e, chequers_serial_rivers_room_a,
          chequers_serial_rivers_marsh, serial_bayou_shore_a
Lair:2:   layout_loops_ring, minmay_shoals_entry_lonely_mermaid
Lair:3:   wad_woods_minihive, layout_gridlike, special_room,
          gauntlet_entry_generic, tgw_fedhas, uniq_fannar, uniq_gastronok,
          uniq_sonja, uniq_rupert, uniq_nergalle
Lair:4:   layout_misc_corridors, nicolae_swamp_entry_splash_gauntlet,
          grunt_megastairs_5
Lair:5:   layout_hall_layers, pond
Lair:6:   gammafunk_necro_jungle_book, layout_long_grid, minivault_23,
          serial_bayou_shore_b, grunt_megastairs_3, lemuel_fruit_fields,
          minmay_lair_oklob_chamber, infiniplex_staircase_pool_2
Swamp:1:  layout_basic_swamp, evilmike_swamp_ruin_rubble_1, swamp_pool4,
          lemuel_altar_in_water2
Swamp:2:  nicolae_swamp_phyte_club, layout_basic_swamp,
          nicolae_swamp_little_tower, uniq_roxanne
Swamp:3:  swamp, layout_basic_swamp, infiniplex_staircase_pool
Shoals:1: cheibrodos_shoals_gigantism, layout_shoals,
          nicolae_shoals_aquamancer_cove, uniq_donald, uniq_kirke
Shoals:2: layout_shoals, serial_shops, shop, lightli_airlock
Shoals:3: shoals_end_hangedman, layout_shoals
Orc:      st_orc_open, layout_caves, slime_altar_1
Elf:1:    eino_elf_arrival_sip, layout_loops_corners, serial_shops, shop,
          orc_legates, wad_floor_pattern_2
Elf:2:    elven_hall_of_blades_hangedman_alternative
          [infiniplex_blade_entry_pillars], layout_gridlike, serial_shops,
          nicolae_shop_behind_doors, small_statue_intersection
Vaults:1: hangedman_vaults_snaps, minmay_crypt_entry_necro_gods,
          vaults_room_hangedman_quadrants, ontoclasm_vaults_chip, v_rooms_4,
          vaults_dpeg_encased_lava, v_rooms_3, v_pattern_1,
          nicolae_vaults_border_crossing, layout_vaults_omnigrid, serial_shops,
          nicolae_shop_waterfront
Vaults:2: ebering_vaults_ghost_xom, vaults_room_fours, vaults_dpeg_hooks,
          nicolae_vaults_little_squares_6, vaults_room_door_ring,
          hangedman_vaults_nails, v_pattern_3, hangedman_vaults_nodes,
          v_misc_24, vaults_room_boxed, vaults_room_pool, vaults_room_fours,
          nicolae_vaults_diagonal_hallway_9, layout_vaults_ring, serial_shops,
          shop_statue, uniq_mara, uniq_margery, uniq_saint_roka
Depths:1: layout_basic, abyss_entry, minmay_tree_intersection, pan_entry,
          hell_entry, ldierk_geyser, kennysheep_big_empty_room,
          roderic_roman_lattice, lemuel_flamethrower_3, minmay_shop_star,
          serial_bayou_shore_b, uniq_sojobo
Depths:2: kennysheep_ogre_elephant_herders, layout_cave_pools,
          abyss_entry_small_statue_room, ashenzari_altar_1,
          grunt_hell_entry_dis_mu, grunt_tower_of_power,
          infiniplex_staircase_zigzag_2, uniq_nikola, uniq_xtahua,
          uniq_enchantress

Table legend:
 A = Turns spent in this place as a percentage of turns spent in the entire game.
 B = Non-inter-level travel turns spent in this place as a percentage of non-inter-level travel turns spent in the entire game.
 C = Inter-level travel turns spent in this place as a percentage of turns spent in this place.
 D = Turns resting spent in this place as a percentage of non-inter-level travel turns spent in this place.
 E = Turns spent auto-exploring this place as a percentage of non-inter-level travel turns spent in this place.
 F = Non-inter-level travel turns spent in this place divided by the number of levels of this place that you've seen.
                   A       B       C       D       E      F
               +-------+-------+-------+-------+-------+----------------------
         Total | 100.0 | 100.0 |  10.6 |  10.5 |  64.0 | 1346.0
       Dungeon |  33.6 |  32.0 |  14.9 |   5.9 |  71.4 | 1147.8
        Temple |   0.1 |   0.1 |  22.6 |   0.0 |  75.6 |  41.0
          Lair |  23.1 |  22.2 |  14.1 |  10.2 |  61.9 | 1591.3
         Swamp |  11.0 |  11.5 |   6.8 |  16.7 |  62.1 | 1652.7
        Shoals |   7.8 |   8.4 |   4.4 |   5.1 |  64.7 | 1204.3
  Orcish Mines |   2.4 |   2.6 |   4.0 |  22.4 |  48.1 | 1103.0
   Elven Halls |   7.7 |   8.0 |   7.7 |  20.6 |  55.9 | 1720.0
        Vaults |   8.4 |   9.0 |   4.3 |   8.0 |  61.0 | 1947.0
        Depths |   5.8 |   6.3 |   2.6 |  17.1 |  57.6 | 1350.5
               +-------+-------+-------+-------+-------+----------------------

Table legend:
 A = Kills in this place as a percentage of kills in entire the game.
 B = Kills by you in this place as a percentage of kills by you in the entire game.
 C = Kills by friends in this place as a percentage of kills by friends in the entire game.
 D = Other kills in this place as a percentage of other kills in the entire game.
 E = Experience gained in this place as a percentage of experience gained in the entire game.
 F = Experience gained in this place divided by the number of levels of this place that you have seen.
                   A       B       C       D       E      F
               +-------+-------+-------+-------+-------+----------------------
         Total | 100.0 | 100.0 | 100.0 | 100.0 | 100.0 | 20856.4
       Dungeon |  26.2 |  37.6 |   9.1 |  33.3 |   8.1 | 4483.1
          Lair |  19.7 |  16.7 |  24.0 |  25.0 |  13.7 | 15229.8
         Swamp |  10.1 |   4.7 |  18.5 |   0.0 |  12.0 | 26786.7
        Shoals |  10.8 |   5.8 |  18.5 |   0.0 |  13.7 | 30430.0
  Orcish Mines |   4.2 |   4.2 |   4.2 |   8.3 |   2.2 | 14597.0
   Elven Halls |   8.7 |  12.1 |   3.5 |  16.7 |  13.1 | 43572.5
        Vaults |  14.4 |  12.7 |  17.1 |   0.0 |  23.9 | 79763.0
        Depths |   5.8 |   6.1 |   5.2 |  16.7 |  13.4 | 44655.0
               +-------+-------+-------+-------+-------+----------------------
